Map: Efflorescence LE

Players

Bug

  • Race: Protoss Protoss
  • League: Diamond
  • Spawn Location: 3:00

SirSchim

  • Race: Terran Terran
  • League: Diamond
  • Spawn Location: 12:00

qqq

  • Race: Protoss Protoss
  • Spawn Location: 9:00

Massa

  • Race: Terran Terran
  • League: Platinum
  • Spawn Location: 6:00

VOD

Have the link to the VOD?

Description

Time

  • Played on: Oct. 9, 2020, 2:42 p.m.
  • Length: 7:53
Show
View Real Time Build Order
Export as new Build Order

Bug Protoss 

Build Orders:  

Get SALT Encoding   

  12  0:00  Probe  
  13  0:12  Probe  
  14  0:17  Pylon  
  14  0:24  Probe  
  15  0:35  Gateway  
  15  0:38  Probe (Chrono Boost)  
  16  0:45  Assimilator  
  17  0:50  Probe (Chrono Boost)  
  17  0:54  Probe (Chrono Boost)  
  18  0:57  Assimilator  
  18  1:05  Probe (Chrono Boost)  
  19  1:15  Probe (Chrono Boost), Gateway  
  20  1:21  Forge  
  20  1:27  Gateway  
  20  1:45  Pylon  
  20  1:48  Probe  
  21  1:55  Photon Cannon  
  21  2:03  Cybernetics Core  
  21  2:09  Probe  
  22  2:21  Probe  
  23  2:24  Pylon  
  23  2:39  Warp Gate (Chrono Boost)  
  23  2:40  Pylon  
  23  2:45  Gateway  
  23  2:47  Gateway  
  23  2:56  Probe  
  24  2:59  Stalker  
  26  3:11  Probe  
  27  3:17  Robotics Facility  
  27  3:20  Stalker  
  29  3:34  Stalker  
  31  3:44  Stalker  
  31  3:45  Stalker  
  35  3:54  Probe  
  36  3:58  Pylon  
  36  4:07  Warp Prism (Chrono Boost)  
  38  4:21  Pylon  
  38  4:27  Stalker  
  40  4:32  Stalker  
  38  5:19  Zealot x4  
  42  5:45  Zealot  
  42  5:46  Adept  
  46  5:53  Pylon  
  46  5:55  Pylon  
  46  5:56  Pylon  
  44  6:04  Adept  
  44  6:09  Nexus  
  44  6:11  Adept x3  
  34  6:43  Zealot x2  
  34  6:44  Zealot, Stalker  
  40  6:54  Probe  
  40  6:55  Pylon  
  41  7:04  Stalker x2  
  41  7:05  Sentry  
  45  7:16  Adept  
  45  7:27  Zealot  
  35  7:40  Probe  
  37  7:53  Adept x3  
Show
View Real Time Build Order
Export as new Build Order

SirSchim Terran 

Build Orders:  

Get SALT Encoding   

  12  0:00  SCV  
  13  0:12  SCV  
  14  0:17  Supply Depot  
  14  0:25  SCV  
  15  0:39  SCV  
  15  0:40  Barracks  
  16  0:45  Refinery  
  16  0:51  SCV  
  17  1:03  SCV  
  18  1:15  SCV  
  19  1:28  SCV  
  20  1:34  Supply Depot  
  20  1:43  Reaper  
  21  1:48  Orbital Command  
  21  1:49  Refinery  
  21  2:08  Factory  
  21  2:36  Barracks Reactor, Command Center  
  21  2:37  SCV  
  22  2:49  SCV, Barracks  
  21  3:08  Hellion  
  22  3:16  Marine  
  22  3:17  Marine  
  23  3:34  Marine  
  23  3:38  Factory Tech Lab  
  24  3:41  SCV  
  24  3:46  Marine  
  26  3:52  Marine  
  26  3:53  SCV  
  28  3:58  Siege Tank  
  28  4:00  Orbital Command  
  31  4:05  SCV  
  31  4:06  Marine  
  33  4:10  Marine  
  34  4:17  SCV  
  34  4:19  Starport  
  35  4:27  SCV  
  35  4:30  SCV, Siege Tank  
  40  4:33  Barracks Tech Lab  
  40  4:35  Barracks  
  40  4:39  SCV  
  40  4:42  SCV  
  42  4:46  Marine x2  
  42  4:51  SCV  
  45  4:54  SCV  
  45  4:56  Starport Reactor, Supply Depot  
  46  5:00  Barracks  
  46  5:17  SCV x2  
  45  5:30  SCV x2  
  45  5:31  Marine  
  45  5:33  Barracks Reactor  
  45  5:34  Marine x2  
  47  5:42  SCV  
  48  5:49  Marine  
  49  5:52  Marine x2  
  46  6:07  Marine  
  46  6:09  Medivac x2  
  46  6:10  Barracks Reactor  
  48  6:11  Marine x4  
  48  6:12  SCV  
  48  6:13  SCV  
  48  6:18  Supply Depot  
  51  6:24  Marine  
  51  6:25  SCV x2  
  54  6:36  Command Center  
  54  6:39  SCV x2, Marine x4  
  60  6:40  Supply Depot  
  60  6:42  Marine  
  61  6:51  SCV  
  62  7:02  SCV, Marine x7  
  70  7:11  Supply Depot  
  70  7:13  Supply Depot  
  70  7:26  Refinery  
  70  7:28  Refinery  
  70  7:32  SCV, Marine x4  
  70  7:34  Marine x2  
  70  7:35  SCV  
  70  7:36  Supply Depot x2  
Show
View Real Time Build Order
Export as new Build Order

qqq Protoss 

Build Orders:  

Get SALT Encoding   

  12  0:03  Probe  
  13  0:15  Probe  
  13  0:18  Pylon  
  14  0:27  Probe  
  15  0:38  Forge  
  15  0:42  Probe  
  16  0:54  Probe  
  17  1:15  Pylon  
  17  1:17  Pylon  
  17  1:19  Pylon  
  17  1:38  Photon Cannon  
  16  1:40  Probe  
  17  1:52  Probe  
  18  1:59  Photon Cannon  
  18  2:15  Probe  
  18  2:21  Gateway  
  19  2:26  Photon Cannon  
  18  2:33  Photon Cannon  
  16  2:40  Probe  
  17  2:51  Nexus, Assimilator  
  17  2:52  Probe  
  18  3:04  Probe  
  17  3:17  Probe  
  18  3:29  Probe  
  19  3:37  Cybernetics Core  
  19  3:41  Probe  
  20  3:53  Probe, Gateway  
  21  4:07  Pylon  
  21  4:10  Gateway  
  21  4:12  Pylon  
  21  4:16  Assimilator  
  21  4:18  Probe  
  21  4:24  Probe  
  23  4:31  Probe  
  24  4:36  Probe  
  25  4:43  Probe  
  26  4:46  Stalker (Chrono Boost)  
  26  4:48  Probe  
  29  4:55  Probe  
  29  4:58  Robotics Facility  
  30  5:02  Probe  
  30  5:04  Stalker (Chrono Boost)  
  33  5:13  Stalker (Chrono Boost)  
  33  5:32  Stalker  
  21  5:36  Stalker  
  12  6:01  Probe  
  11  6:13  Probe  
  4  6:19  Probe  
  4  6:25  Probe  
  5  6:37  Probe  
  4  6:47  Probe  
  5  6:49  Probe  
  6  7:01  Probe  
  7  7:10  Probe  
  8  7:20  Probe  
  9  7:39  Probe  
Show
View Real Time Build Order
Export as new Build Order

Massa Terran 

Build Orders:  

Get SALT Encoding   

  12  0:02  SCV  
  13  0:14  SCV  
  14  0:18  Supply Depot  
  14  0:26  SCV  
  15  0:40  SCV, Barracks  
  16  0:52  SCV  
  16  0:53  Refinery  
  17  1:04  SCV  
  17  1:07  Refinery  
  18  1:18  SCV  
  19  1:27  Marine  
  19  1:30  SCV  
  21  1:43  Command Center  
  21  1:47  Reaper  
  21  1:49  SCV  
  23  2:02  Orbital Command  
  23  2:11  Factory  
  23  2:20  Supply Depot  
  23  2:30  Barracks Reactor  
  23  2:41  SCV  
  24  3:17  Marine x2  
  26  3:22  Factory Tech Lab  
  26  3:23  SCV  
  26  3:25  Orbital Command  
  27  3:32  Engineering Bay  
  27  3:35  SCV, Marine  
  27  3:40  Siege Tank  
  31  3:46  Starport  
  31  3:47  SCV  
  32  3:52  Marine  
  32  3:53  Marine  
  34  3:57  SCV  
  34  4:00  SCV  
  36  4:05  Missile Turret  
  36  4:08  Missile Turret  
  36  4:09  SCV, Marine  
  37  4:11  Marine  
  37  4:12  SCV, Siege Tank  
  43  4:21  SCV  
  43  4:24  SCV  
  45  4:27  Marine  
  46  4:41  Supply Depot x2  
  46  4:42  Supply Depot x2  
  46  4:59  Supply Depot  
  46  5:00  Supply Depot  
  46  5:02  Marine x2  
  46  5:03  SCV, Medivac  
  46  5:04  SCV, Missile Turret  
  49  5:15  Siege Tank  
  49  5:20  Marine x2  
  53  5:32  Liberator  
  55  5:38  Marine  
  51  6:10  Marine x2  
  47  6:28  Marine x2  
  48  6:46  Marine x2  
  46  6:58  Siege Tank  
  47  7:04  Marine x2  
  49  7:21  Marine  
  49  7:22  Marine  
Tags
 
Add a new tag
Caveats
  • Supply blocks, unpowered buildings, or Contaminate may cause inaccurate times.
  • Supply counts are checked every 10 seconds.